Description

Buld order proposé sur Ogaming TV

VOD

https://youtu.be/JZLYnAVbd1Y?t=15m50s

Build Order

Why is there no SALT encoding or Overwolf build?

  14  0:20  Pylon  scoot
  16  0:40  Gateway  
  16  0:50  Assimilator  
  17  1:00  Assimilator  
  20  1:26  Pylon  proxy
  20  1:30  Cybernetics Core  
  23  2:00  Stargate  proxy
  23  2:14  Warp Gate  
  25  2:19  Stalker x2  
  25  2:43  Pylon  
  31  2:53  Void Ray (Chrono Boost)  
  31  3:04  Gateway  
  31  3:16  Shield Battery x2  proxy
  35  3:24  Void Ray (Chrono Boost), Action  
Spawning Tool Build Advisor. Get it on Overwolf

Go to:

Details

  • Created by: shaltarus
  • Published on: Apr 14, 2018
  • Modified on: Apr 14, 2018
  • Patch: 4.0.0
Show

Export as new Build Order

Comments (0)

There are no comments. Be the first!

Create an account to comment!